 Dungeon Crawl Stone Soup version 0.26-a0-661-g406de6ba63 (webtiles) character file.

Game seed: 16001550035170879965

386 lunkers the Covert (level 7, -5/42 HPs)
             Began as a Kobold Delver on Oct 8, 2020.
             Was a Follower of Kikubaaqudgha.
             Killed from afar by Dowan (17 damage)
             ... with a stone arrow
             ... on level 6 of the Dungeon.
             The game lasted 00:06:43 (4545 turns).

lunkers the Covert (Kobold Delver)                  Turns: 4545, Time: 00:06:44

Health: -5/42      AC:  6    Str: 10    XL:     7   Next: 6%
Magic:  9/9        EV: 14    Int: 13    God:    Kikubaaqudgha [*.....]
Gold:   146        SH:  5    Dex: 16    Spells: 8/9 levels left

rFire    . . .     SeeInvis .   a - +0 short sword
rCold    . . .     Faith    .   (shield restricted)
rNeg     . . .     Spirit   .   s - +0 ring mail {MR+}
rPois    .         Reflect  +   (no helmet)
rElec    .         Harm     .   v - +0 cloak
rCorr    .         Rampage  .   (no gloves)
MR       +....                  (no boots)
Stlth    ++++......             t - amulet of reflection
HPRegen  0.14/turn              (no ring)
MPRegen  0.11/turn              (no ring)

@: no status effects
A: small, nightstalker 3
a: Receive Corpses, Renounce Religion


You were on level 6 of the Dungeon.
You worshipped Kikubaaqudgha.
Kikubaaqudgha was aware of your devotion.
You visited 1 branch of the dungeon, and saw 6 of its levels.

You collected 146 gold pieces.

Inventory:

Hand Weapons
 a - a +0 short sword (weapon)
Missiles
 r - 21 poisoned darts (quivered)
 x - 4 atropa-tipped darts {=f}
Armour
 s - a +0 ring mail of magic resistance (worn)
 v - a +0 cloak (worn)
Jewellery
 t - an amulet of reflection (around neck)
Wands
 g - a wand of digging (3)
Scrolls
 c - 3 scrolls of fog
 d - a scroll of magic mapping
 e - 2 scrolls of fear
 h - a scroll of immolation
 j - a scroll of teleportation
 l - a scroll of remove curse {unknown}
 m - a scroll of amnesia {unknown}
Potions
 b - 2 potions of resistance {unknown}
 f - a potion of haste
 i - a potion of flight
 k - 2 potions of brilliance
 n - 3 potions of curing {unknown}
 o - 2 potions of ambrosia {unknown}
 p - a potion of magic {unknown}
 q - a potion of berserk rage {unknown}
 u - 2 potions of heal wounds {unknown}


   Skills:
 + Level 3.8 Fighting
 * Level 5.7 Short Blades
 + Level 3.3 Dodging
 + Level 8.2 Stealth
 + Level 1.6 Spellcasting
 * Level 2.3 Necromancy


You had 8 spell levels left.
You knew the following spells:

 Your Spells              Type           Power        Failure   Level
b - Pain                  Necr           #...         26%         1

Your spell library contained the following spells:

 Spells                   Type           Power        Failure   Level
 Sublimation of Blood     Necr           #.........   36%         2
 Corpse Rot               Necr/Air       N/A          54%         2
 Vampiric Draining        Necr           #.........   61%         3


Dungeon Overview and Level Annotations

Branches:
Dungeon (5/15)
 Temple: D:4-7

Altars:
Kikubaaqudgha

Annotations:
D:3 1 runed translucent door, Crazy Yiuf
D:6 Dowan


Innate Abilities, Weirdness & Mutations

You are small and have problems with some larger weapons.
You are completely attuned to the shadows.


Message History

Dowan closely misses you.
Your magical contamination has completely faded away.
You hit Dowan but do no damage.
Dowan is severely wounded.
Dowan misses you.
You closely miss Dowan.
Dowan is severely wounded.
You block Dowan's attack.
You hit Dowan.
Dowan is almost dead.
Dowan barely misses you. Dowan hits you with a +0 dagger.
* * * LOW HITPOINT WARNING * * *
You miss Dowan.
Dowan is almost dead.
Dowan casts a spell.
Dowan blinks!
Dowan points at you and mumbles some strange words.
The stone arrow hits you!
You die...
Kikubaaqudgha rasps: "You have failed me!
Welcome... death!"

....#+### ...........
#....../..!.
#...........
#...........
#...........
##############'#......
#.......).§@.e.#......
#.###############....#
#.# ############....+
#.# #...(.....# #.#
#.........#
#.####.........#
#........†.....#
#######'######## #.#


You could see Dowan (fast).

Vanquished Creatures
  Duvessa (D:6)
  2 hounds
  2 orc wizards (D:3)
  A worker ant (D:2)
  A hound zombie (D:2)
  A hound skeleton (D:6)
  A gnoll (D:4)
  4 adders
  3 worms
  A dart slug (D:2)
  A leopard gecko (D:2)
  6 orcs
  2 ball pythons
  4 giant cockroaches
  6 goblins
  6 hobgoblins
  2 jackals (D:1)
  A quokka (D:2)
  9 bats
  2 frilled lizards
  8 kobolds
  A leopard gecko skeleton (D:5)
  3 rats
68 creatures vanquished.

Vanquished Creatures (others)
  An orc (D:4)
1 creature vanquished.

Grand Total: 69 creatures vanquished

Notes
Turn   | Place    | Note
-------+----------+-------------------------------------------
     0 | D:5      | lunkers the Kobold Delver began the quest for the Orb.
     0 | D:5      | Reached XP level 1. HP: 14/14 MP: 1/1
    53 | D:4      | Noticed a phantom
    98 | D:4      | Noticed a scorpion
   246 | D:3      | Reached XP level 2. HP: 16/19 MP: 2/2
   309 | D:3      | Found a runed translucent door.
   312 | D:3      | Noticed Crazy Yiuf
   351 | D:3      | Found an ancient bone altar of Kikubaaqudgha.
   356 | D:3      | Became a worshipper of Kikubaaqudgha
   392 | D:3      | Reached skill level 7 in Stealth
   606 | D:1      | Reached XP level 3. HP: 7/23 MP: 3/3
  1931 | D:2      | Reached XP level 4. HP: 11/28 MP: 4/4
  2271 | D:2      | Reached * piety under Kikubaaqudgha
  2271 | D:2      | Identified Kikubaaqudgha's Collected Works on Sinister
                  | Rituals (Kikubaaqudgha gifted it to you on level 2 of the
                  | Dungeon)
  2271 | D:2      | Received a gift from Kikubaaqudgha
  2275 | D:2      | Learned a level 1 spell: Pain
  2703 | D:2      | Reached XP level 5. HP: 32/32 MP: 5/5
  2979 | D:2      | Reached skill level 1 in Necromancy
  3886 | D:3      | Reached skill level 5 in Short Blades
  3998 | D:3      | Reached skill level 8 in Stealth
  3998 | D:3      | Reached skill level 1 in Spellcasting
  3998 | D:3      | Reached XP level 6. HP: 16/37 MP: 7/7
  4317 | D:4      | You fall into a shaft and drop 2 floors!
  4484 | D:6      | Noticed Duvessa
  4485 | D:6      | Noticed Dowan
  4514 | D:6      | Killed Duvessa
  4514 | D:6      | Reached XP level 7. HP: 15/42 MP: 9/9
  4545 | D:6      | Killed from afar by Dowan

Illustrated notes

Levels and vault maps discovered:
D:1:      eino_arrival_cavern_c, layout_loops_corners
D:2:      layout_basic
D:3:      layout_rooms, kiku_gazebo_pond_becter, kennysheep_generic_room_13,
          uniq_crazy_yiuf_cottage
D:4:      layout_loops_ring, makhleb_altar_promises_db,
          nicolae_ru_the_path_less_chosen, grunt_ministairs_2, uniq_menkaure,
          uniq_pikel
D:5:      minmay_evil_eye, layout_rooms
D:6:      layout_basic, uniq_duvessa

Skill      XL: |  1  2  3  4  5  6 |
---------------+-------------------+-----
Short Blades   | 3 4 5 |  5.7
Stealth        | 7 8 |  8.2
Necromancy     | 1 2 |  2.3
Dodging        | 3 |  3.3
Spellcasting   | 1 |  1.6
Fighting       | |  3.8

Action                   |  1- 3 |  4- 6 |  7- 9 || total
-------------------------+-------+-------+-------++-------
Melee: Short sword       |   100 |   198 |    22 ||   320
Throw: Dart              |    12 |    38 |       ||    50
  Use: Scroll            |       |     4 |       ||     4
       Potion            |       |     1 |       ||     1
 Stab: Sleeping          |    14 |    11 |       ||    25
       Distracted        |       |     1 |       ||     1
       Invisible         |       |     3 |     1 ||     4
Armor: Leather armour    |     2 |       |       ||     2
       Ring mail         |     5 |    30 |     1 ||    36
Dodge: Dodged            |    71 |    93 |    11 ||   175
Block: Other             |       |    29 |     3 ||    32

Table legend: (Time is in decaauts)
 A = Elapsed time spent in this place.
 B = Non-inter-level travel time spent in this place.
 C = Inter-level travel time spent in this place.
 D = Time resting spent in this place.
 E = Time spent auto-exploring this place.
 F = Levels seen in this place.
 G = Mean time per level.
                   A        B        C        D        E       F      G
               +--------+--------+--------+--------+--------+-----+--------+
         Total |   4512 |   4318 |    194 |    479 |   3086 |   6 |  752.0 |
       Dungeon |   4512 |   4318 |    194 |    479 |   3086 |   6 |  752.0 |
               +--------+--------+--------+--------+--------+-----+--------+

Top non-repeatable levels by time:
     D:2: 1390 daAuts
     D:3: 1379 daAuts
     D:1: 1281 daAuts
     D:6: 218 daAuts
     D:4: 200 daAuts
     D:5: 42 daAuts
